 Dungeon Crawl Stone Soup version 0.28-a0-706-gf6f64a616a (webtiles) character file.

Game seed: 9530969988805986335

54 KoroneIsBestGirl the Covered (level 3, 0/30 HPs)
             Began as a Barachi Fighter on Oct 24, 2021.
             Was a Believer of Jiyva.
             Slain by an orc (6 damage)
             ... on level 3 of the Dungeon.
             The game lasted 00:01:03 (1600 turns).

KoroneIsBestGirl the Covered (Barachi Fighter)      Turns: 1600, Time: 00:01:03

Health: 0/30       AC:  7    Str: 24    XL:     3   Next: 91%
Magic:  3/3        EV:  9    Int:  7    God:    Jiyva [**....]
Gold:   44         SH:  4    Dex: 12    Spells: 2/2 levels left

rFire   . . .      SeeInvis .   a - +0 long sword
rCold   . . .      Faith    .   c - +0 buckler
rNeg    . . .      Spirit   .   b - +0 scale mail
rPois   .          Reflect  .   (no helmet)
rElec   .          Harm     .   (no cloak)
rCorr   .          Rampage  .   (no gloves)
Will    .....                   (no boots)
Stlth   ..........              (no amulet)
HPRegen 0.10/turn               j - +6 ring of strength
MPRegen 0.08/turn               (no ring)

@: slow
A: amphibious, slowness 1, strong legs 1, +LOS
a: Hop, Renounce Religion, Request Jelly


You were on level 3 of the Dungeon.
You worshipped Jiyva.
Jiyva was pleased with you.
You visited 1 branch of the dungeon, and saw 3 of its levels.

You collected 44 gold pieces.

Inventory:

Hand Weapons
 a - a +0 long sword (weapon)
Armour
 b - a +0 scale mail (worn)
 c - a +0 buckler (worn)
Magical Staves
 g - a staff of cold
Jewellery
 j - a +6 ring of strength (left hand)
Scrolls
 e - a scroll of summoning {unknown}
 f - a scroll of noise {unknown}
 i - a scroll of immolation {unknown}
Potions
 d - a potion of might
 h - a potion of resistance {unknown}


   Skills:
 + Level 4.2 Fighting
 + Level 3.2 Long Blades
 + Level 4.2 Armour
 + Level 3.8 Shields


You had 2 spell levels left.
You didn't know any spells.
Your spell library was empty.

Dungeon Overview and Level Annotations

Branches:
Dungeon (2/15)

Altars:
Jiyva


Innate Abilities, Weirdness & Mutations

You are amphibious.
You cover ground slowly.
You can hop short distances.
You have an extended range of vision and can be seen from far away.


Message History

Hop to where?
Press: ? - help, Dir - move target Boing!
The bat closely misses you. The bat barely misses you.
You hear a distant slurping noise.
The bat barely misses you.
You completely miss the bat. The bat hits you.
You hear a distant slurping noise.
The bat closely misses you.
You closely miss the bat. The bat barely misses you. The bat hits you.
You closely miss the bat. You block the bat's attack.
The bat barely misses you.
You hit the bat.
The bat is heavily wounded.
The bat barely misses you. The bat hits you but does no damage.
The bat hits you but does no damage.
You hear a distant slurping noise.
The bat hits you. The bat hits you but does no damage.
The bat hits you but does no damage.
You hear a distant slurping noise.
Jiyva appreciates your sacrifice.
You hit the bat.
You kill the bat!
The orc throws a boomerang.
You block the boomerang. The orc hits you with a +3 falchion.
* * * LOW HITPOINT WARNING * * *
You see here a bat corpse.
You barely miss the orc. The orc hits you with a +3 falchion.
* * * LOW HITPOINT WARNING * * *
You closely miss the orc. The orc closely misses you.
You hit the orc.
The orc is almost dead.
You block the orc's attack.
You barely miss the orc.
The orc is almost dead.
You are ready to hop once more.
The orc hits you with a +3 falchion.
You die...

######## #......#
#......# #......#
#......# ##.##......#
..........†#
##....gr#############
........)oooo@..........
.......#################
....... ##.### #


You could see 4 orcs, a hobgoblin and a rat.

Vanquished Creatures
  2 adders (D:2)
  A dart slug (D:1)
  An orc (D:3)
  A ball python (D:1)
  2 endoplasms (D:1)
  3 hobgoblins (D:1)
  8 jackals (D:1)
  A quokka (D:1)
  4 bats
  A frilled lizard (D:1)
  3 kobolds
  5 rats
32 creatures vanquished.

Vanquished Creatures (others)
  An adder (D:2)
  2 bats
  A goblin (D:2)
  2 hobgoblins (D:2)
  3 quokkas
  A frilled lizard (D:2)
  A kobold (D:2)
  A rat (D:1)
12 creatures vanquished.

Grand Total: 44 creatures vanquished

Notes
Turn   | Place    | Note
-------+----------+-------------------------------------------
     0 | D:1      | KoroneIsBestGirl the Barachi Fighter began the quest for
                  | the Orb.
     0 | D:1      | Reached XP level 1. HP: 18/18 MP: 1/1
   284 | D:1      | Reached XP level 2. HP: 25/25 MP: 2/2
   565 | D:1      | Reached XP level 3. HP: 30/30 MP: 3/3
   673 | D:1      | Found a faded altar of an unknown god.
   692 | D:1      | Prayed at the altar of an unknown god.
   692 | D:1      | Became a worshipper of Jiyva Juteiwe the Shapeless
   692 | D:1      | Reached * piety under Jiyva
  1193 | D:2      | Reached ** piety under Jiyva
  1569 | D:2      | You fall into a shaft and drop 1 floor!
  1600 | D:3      | Slain by an orc

Illustrated notes

Levels and vault maps discovered:
D:1:      psy_arrival_basics, layout_loops_ring, ebering_ecumenical_altar_box
D:2:      layout_loops_corners
D:3:      layout_basic, minmay_misc_feat_plants, uniq_grinder, uniq_jessica

Skill      XL: |  1  2  3 |
---------------+----------+-----
Fighting       | 4 |  4.2
Armour         | 4 |  4.2
Long Blades    | 3 |  3.2
Shields        | |  3.8

Action                   || total
-------------------------++-------
Melee: Long sword        ||   104
 Abil: Hop               ||     1
Armor: Scale mail        ||    48
Dodge: Dodged            ||    71
Block: Buckler           ||    30

Table legend: (Time is in decaauts)
 A = Elapsed time spent in this place.
 B = Non-inter-level travel time spent in this place.
 C = Inter-level travel time spent in this place.
 D = Time resting spent in this place.
 E = Time spent auto-exploring this place.
 F = Levels seen in this place.
 G = Mean time per level.
                   A        B        C        D        E       F      G
               +--------+--------+--------+--------+--------+-----+--------+
         Total |   1798 |   1783 |     15 |      0 |   1547 |   3 |  599.3 |
       Dungeon |   1798 |   1783 |     15 |      0 |   1547 |   3 |  599.3 |
               +--------+--------+--------+--------+--------+-----+--------+

Top non-repeatable levels by time:
     D:1: 1199 daAuts
     D:2: 561 daAuts
     D:3: 37 daAuts
